[Event "Titled Tuesday Blitz July 4 Early 2023"]
[White "Matinian, Nikita"]
[Black "Guliev, Logman"]
[WhiteFideId "24129100"]
[BlackFideId "13400061"]
[WhiteElo "2709"]
[BlackElo "2482"]
[Result "0-1"]
[Round "2"]
[TimeControl "180+2"]
[Date "2023.07.04"]
[WhiteClock "0:00:00"]
[BlackClock "0:00:22"]
[Board "79"]

1. e4 c5 2. Nf3 d6 3. Bb5+ Bd7 4. Bxd7+ Qxd7 5. O-O Nc6 6. c3 e6 7. d4 cxd4 8. cxd4 Nf6 9. Nc3 d5 10. e5 Ne4 11. Ne2 Be7 12. Ne1 h6 13. f3 Ng5 14. h4 Nh7 15. g3 Rc8 16. Nd3 f6 17. f4 O-O 18. Be3 fxe5 19. fxe5 Rxf1+ 20. Qxf1 Nb4 21. Nxb4 Bxb4 22. Nf4 Nf8 23. Qd3 Qa4 24. a3 Ba5 25. b3 Qd7 26. b4 Bb6 27. Rf1 Rc4 28. Nh5 Qe8 29. g4 Qe7 30. g5 Qe8 31. Nf6+ gxf6 32. exf6 Qg6 33. f7+ Kh7 34. Qxg6+ Kxg6 35. Rf6+ Kg7 36. Rxh6 Kxf7 37. Rf6+ Kg7 38. h5 Bxd4 39. h6+ Kg8 40. Bxd4 Rxd4 41. Kf2 Rg4 42. h7+ Nxh7 43. Rxe6 Nxg5 44. Re7 Ne4+ 45. Ke3 Rg7 46. Re8+ Kf7 47. Rb8 Ke6 48. Kd4 Kd6 49. Rd8+ Kc6 50. Rxd5 Nd6 51. Rc5+ Kb6 52. a4 Rg4+ 53. Kd5 Nf5 54. a5+ Ka6 0-1


[Site "https://www.chess.com"]

[Event "Titled Tuesday Blitz July 4 Early 2023"]
[White "Senthilkumar, Pranav"]
[Black "Panesar Vedant"]
[WhiteFideId "2083477"]
[BlackFideId "35033018"]
[WhiteElo "2482"]
[BlackElo "2709"]
[Result "0-1"]
[Round "2"]
[TimeControl "180+2"]
[Date "2023.07.04"]
[WhiteClock "0:00:34"]
[BlackClock "0:00:21"]
[Board "80"]

1. Nf3 d5 2. d4 Nf6 3. g3 Bf5 4. Bg2 e6 5. O-O Be7 6. c4 c6 7. Nc3 dxc4 8. Ne5 O-O 9. Nxc4 Nbd7 10. Bf4 Nb6 11. Ne5 Nbd7 12. Nc4 Nb6 13. Ne5 Nfd7 14. Rc1 Nxe5 15. Bxe5 Bf6 16. e4 Bg6 17. Bxf6 Qxf6 18. d5 e5 19. Qb3 Rfd8 20. Rfd1 Bh5 21. Rd2 Qh6 22. Rcc2 Rd6 23. a4 cxd5 24. exd5 Bg6 25. Be4 Rad8 26. Bxg6 Qxg6 27. a5 Nd7 28. Qxb7 Nf6 29. Nb5 R6d7 30. Qc6 h5 31. d6 h4 32. a6 h3 33. Qf3 Ne4 34. Re2 Nxd6 35. Nc3 Nb5 36. Rc1 Nd4 37. Qe3 Nxe2+ 38. Qxe2 Qc6 39. f3 Rd2 40. Qe3 Qxa6 41. Qxe5 Qb6+ 42. Kh1 Qf2 0-1


[Site "https://www.chess.com"]

[Event "Titled Tuesday Blitz July 4 Early 2023"]
[White "Papasimakopoulos, Alexandros"]
[Black "Leebit02"]
[WhiteFideId "4244125"]
[WhiteElo "2708"]
[BlackElo "2469"]
[Result "0-1"]
[Round "2"]
[TimeControl "180+2"]
[Date "2023.07.04"]
[WhiteClock "0:00:17"]
[BlackClock "0:00:11"]
[Board "81"]

1. d4 d5 2. c4 e6 3. Nc3 Nf6 4. cxd5 exd5 5. Bg5 c6 6. e3 Be7 7. Bd3 O-O 8. Qc2 h6 9. Bh4 Re8 10. Nf3 a5 11. O-O Na6 12. a3 Nc7 13. Ne5 Ne6 14. Rab1 Nd7 15. Bxe7 Qxe7 16. f4 Nf6 17. b4 axb4 18. axb4 Bd7 19. h3 b6 20. Ne2 Rec8 21. Ng3 Nd8 22. Nf5 Qf8 23. g4 c5 24. bxc5 bxc5 25. g5 cxd4 26. Qg2 Bxf5 27. Bxf5 Ne4 28. Bxc8 Rxc8 29. exd4 hxg5 30. fxg5 Qe7 31. h4 Rc3 32. Kh2 Qc7 33. Rb2 g6 34. Rf3 Rc1 35. Rfb3 Rd1 36. Rb4 Rxd4 37. Rxd4 Qxe5+ 38. Kh3 Qxd4 39. Ra2 Ne6 40. Qf3 Kg7 41. Re2 N6xg5+ 42. hxg5 Nxg5+ 43. Kg3 Nxf3 44. Kxf3 Qd3+ 0-1


[Site "https://www.chess.com"]

[Event "Titled Tuesday Blitz July 4 Early 2023"]
[White "Suyarov, Mukhammadzokhid"]
[Black "Garcia Almaguer, Juan Manuel"]
[WhiteFideId "14210495"]
[BlackFideId "5110491"]
[WhiteElo "2704"]
[BlackElo "2466"]
[Result "1-0"]
[Round "2"]
[TimeControl "180+2"]
[Date "2023.07.04"]
[WhiteClock "0:01:13"]
[BlackClock "0:00:18"]
[Board "82"]

1. d4 Nf6 2. Nc3 e6 3. e4 Bb4 4. e5 Ne4 5. Qg4 Nxc3 6. Qxg7 Rf8 7. a3 Be7 8. bxc3 c5 9. Nf3 Qa5 10. Bd2 Nc6 11. Qxh7 b6 12. c4 Qa4 13. d5 exd5 14. cxd5 Nd4 15. Bd3 Ba6 16. Nxd4 Qxd4 17. O-O Bxd3 18. Qxd3 Qxe5 19. Rae1 Qd6 20. Bc3 f6 21. a4 Rh8 22. g3 O-O-O 23. a5 Rh5 24. axb6 Qxd5 25. Qxd5 Rxd5 26. bxa7 1-0


[Site "https://www.chess.com"]

[Event "Titled Tuesday Blitz July 4 Early 2023"]
[White "Jimenez Jimenez, Leandro"]
[Black "Danielyan, Vahe"]
[WhiteFideId "6415253"]
[BlackFideId "13304828"]
[WhiteElo "2435"]
[BlackElo "2702"]
[Result "1-0"]
[Round "2"]
[TimeControl "180+2"]
[Date "2023.07.04"]
[WhiteClock "0:00:31"]
[BlackClock "0:00:49"]
[Board "83"]

1. d4 Nf6 2. c4 g6 3. Nc3 Bg7 4. e4 d6 5. f3 O-O 6. Be3 e5 7. d5 Nh5 8. Qd2 Qh4+ 9. g3 Nxg3 10. Bf2 Nxf1 11. Bxh4 Nxd2 12. Kxd2 a5 13. Nb5 Na6 14. Ne2 f5 15. Nec3 Bd7 16. Rhg1 fxe4 17. Nxe4 Rf4 18. Bg5 Rxf3 19. Ke2 Rf5 20. Raf1 Raf8 21. Rxf5 Rxf5 22. h4 b6 23. a4 Bxb5 24. axb5 Nc5 25. Nxc5 dxc5 26. Bd8 Rf7 27. d6 cxd6 28. Bxb6 e4 29. b3 Bc3 30. Rg4 Re7 31. Bd8 Re8 32. Bc7 h5 33. Rxg6+ Kf7 34. Rxd6 Be5 35. Rd7+ Ke6 36. Rh7 Bxc7 37. Rxc7 Rg8 38. Rxc5 Rg2+ 39. Ke3 Rg3+ 40. Kxe4 Rg4+ 41. Kd3 Rxh4 42. b6 Rh3+ 43. Kc2 Rh2+ 44. Kb1 Kd6 45. Rc8 a4 46. b7 1-0


[Site "https://www.chess.com"]

[Event "Titled Tuesday Blitz July 4 Early 2023"]
[White "Cherniaiev, Tykhon"]
[Black "Hoffmann, Asa"]
[WhiteFideId "14182360"]
[BlackFideId "2001470"]
[WhiteElo "2699"]
[BlackElo "2430"]
[Result "1-0"]
[Round "2"]
[TimeControl "180+2"]
[Date "2023.07.04"]
[WhiteClock "0:00:30"]
[BlackClock "0:00:48"]
[Board "84"]

1. Nf3 d6 2. d4 Bg4 3. Nbd2 Nf6 4. g3 Nbd7 5. Bg2 c6 6. O-O e5 7. h3 Bh5 8. dxe5 dxe5 9. Nc4 Qc7 10. b3 O-O-O 11. Bb2 Bc5 12. Qc1 Rhe8 13. e3 b5 14. Ncd2 Qb6 15. a4 a6 16. axb5 axb5 17. c4 b4 18. Nh4 Kb7 19. Ne4 Bg6 20. Nxg6 hxg6 21. Ng5 Rf8 22. Rd1 Ra8 23. Rxa8 Kxa8 24. Qa1+ Kb7 25. Bxe5 Nxe5 26. Qxe5 Re8 27. Qf4 Rd8 28. Rxd8 Qxd8 29. Nxf7 Qd1+ 30. Kh2 Qxb3 31. Nd8+ Kc8 32. Nxc6 Qd1 33. Qb8+ Kd7 34. Qd8+ Ke6 35. Qxd1 1-0


[Site "https://www.chess.com"]

[Event "Titled Tuesday Blitz July 4 Early 2023"]
[White "Bueno, Alfeu Junior Varela"]
[Black "Koshulyan, Egor A."]
[WhiteFideId "2108879"]
[BlackFideId "24237000"]
[WhiteElo "2425"]
[BlackElo "2698"]
[Result "0-1"]
[Round "2"]
[TimeControl "180+2"]
[Date "2023.07.04"]
[WhiteClock "0:00:00"]
[BlackClock "0:00:06"]
[Board "85"]

1. e4 c5 2. Nc3 Nc6 3. f4 g6 4. Nf3 Bg7 5. Bb5 Nd4 6. O-O e6 7. d3 Ne7 8. Nxd4 cxd4 9. Ne2 Kf8 10. Ba4 d5 11. Bb3 Kg8 12. Ng3 h6 13. Qf3 Kh7 14. f5 dxe4 15. fxg6+ fxg6 16. Qxe4 Nf5 17. Bf4 Qa5 18. Rae1 Qb6 19. Be5 Bd7 20. Bxg7 Nxg7 21. Rf7 Be8 22. Rxb7 Qa6 23. Rxg7+ Kxg7 24. Qxa8 Bc6 25. Qxh8+ Kxh8 26. Rxe6 Qb7 27. Ne4 Kg7 28. Nc5 Qc7 29. Ne4 Ba8 30. g3 h5 31. Re5 Qxe5 0-1


[Site "https://www.chess.com"]

[Event "Titled Tuesday Blitz July 4 Early 2023"]
[White "Williams, Simon K"]
[Black "Grossboss19"]
[WhiteFideId "404454"]
[WhiteElo "2696"]
[BlackElo "2416"]
[Result "1/2-1/2"]
[Round "2"]
[TimeControl "180+2"]
[Date "2023.07.04"]
[WhiteClock "0:00:09"]
[BlackClock "0:00:08"]
[Board "86"]

1. d4 Nf6 2. c4 e6 3. Nf3 d5 4. Nc3 Bb4 5. cxd5 exd5 6. Bg5 O-O 7. e3 h6 8. Bh4 Bf5 9. Bd3 Bxd3 10. Qxd3 c6 11. Ne5 Be7 12. O-O Nfd7 13. Bg3 Nxe5 14. dxe5 f6 15. e4 dxe4 16. Qxe4 fxe5 17. Bxe5 Bf6 18. Rad1 Qe7 19. Qc4+ Kh8 20. Bd6 Qf7 21. Qxf7 Rxf7 22. Rfe1 Nd7 23. Bg3 Nb6 24. Rd3 Rff8 25. b3 Rad8 26. Red1 Rxd3 27. Rxd3 Rd8 28. Rxd8+ Bxd8 29. Kf1 Kg8 30. Ke2 Kf7 31. Kd3 Ke6 32. Ne4 Be7 33. Bf4 Nd5 34. Bd2 b5 35. Kd4 Nb6 36. g4 Nd7 37. f4 c5+ 38. Kd3 a6 39. f5+ Ke5 40. Bc3+ Kf4 41. Bxg7 Kxg4 42. f6 Bd8 43. f7 Be7 44. Bxh6 Ne5+ 45. Ke3 Nxf7 46. Bf4 c4 47. bxc4 bxc4 48. Bc7 Bd8 49. Bxd8 Nxd8 50. Kd4 Kh3 51. Kxc4 Kxh2 52. Kc5 Kg2 53. Kb6 Kf3 54. Nc5 Ke3 55. Kxa6 Kd4 56. Kb6 Nf7 57. a4 Nd6 58. Ne6+ Kc3 59. Kc5 Ne4+ 60. Kb5 Nd6+ 61. Kc6 Kb4 62. Nc5 Ne4 63. Kb6 Nxc5 64. a5 Kc4 65. a6 Nxa6 1/2-1/2


[Site "https://www.chess.com"]

[Event "Titled Tuesday Blitz July 4 Early 2023"]
[White "Klekowski, Maciej"]
[Black "Onufrienko, Vladislav"]
[WhiteFideId "1132717"]
[BlackFideId "13804332"]
[WhiteElo "2696"]
[BlackElo "2404"]
[Result "1-0"]
[Round "2"]
[TimeControl "180+2"]
[Date "2023.07.04"]
[WhiteClock "0:00:08"]
[BlackClock "0:00:00"]
[Board "87"]

1. c4 e6 2. Nf3 d5 3. b3 d4 4. g3 c5 5. Bg2 Nc6 6. O-O Nf6 7. e3 Be7 8. exd4 cxd4 9. Re1 O-O 10. d3 a5 11. Na3 Bd6 12. Nb5 e5 13. a3 Re8 14. Bg5 h6 15. Bxf6 Qxf6 16. Nfxd4 Nxd4 17. Nxd4 Bc5 18. Nf3 Bg4 19. h3 Bf5 20. Qe2 Rad8 21. Rad1 Bxa3 22. Nh4 Bb4 23. Rf1 Bc8 24. Kh2 Bd6 25. Be4 b6 26. Qh5 g5 27. Ng2 Qg7 28. Ne3 Bc5 29. Nd5 f5 30. Bg2 Be6 31. Rde1 Bf7 32. Qd1 Kh8 33. Re2 Bh5 34. f3 Bf7 35. f4 Bh5 36. Bf3 Bf7 37. Qd2 Bd4 38. Nc7 Re7 39. Nd5 Bxd5 40. Bxd5 exf4 41. gxf4 gxf4 42. Rxe7 Qxe7 43. Qg2 Be5 44. Qg6 Qg5 45. Rg1 Qxg6 46. Rxg6 b5 47. Kg2 bxc4 48. dxc4 Bd6 49. Rxh6+ Kg7 50. Re6 Bb8 51. Kf3 Kh7 52. Re7+ Kg6 53. Rb7 Kf6 54. Rb5 Bd6 55. Rb6 Ke5 56. Bf7 Rd7 57. Rb5+ 1-0


[Site "https://www.chess.com"]

[Event "Titled Tuesday Blitz July 4 Early 2023"]
[White "Amanov, Zhanibek"]
[Black "Lorparizangeneh, Shahin"]
[WhiteFideId "13700189"]
[BlackFideId "12521604"]
[WhiteElo "2402"]
[BlackElo "2695"]
[Result "1/2-1/2"]
[Round "2"]
[TimeControl "180+2"]
[Date "2023.07.04"]
[WhiteClock "0:00:13"]
[BlackClock "0:00:17"]
[Board "88"]

1. e4 e5 2. Nf3 Nc6 3. Bc4 Bc5 4. c3 Nf6 5. d4 exd4 6. e5 d5 7. Bb5 Ne4 8. cxd4 Bb6 9. Nc3 O-O 10. Be3 Bg4 11. h3 Bh5 12. Qc2 Bg6 13. Qb3 Ne7 14. O-O c6 15. Bd3 Nd2 16. Nxd2 Bxd3 17. Rfe1 Bg6 18. Na4 Nf5 19. Nxb6 Qxb6 20. Qc3 f6 21. exf6 Rxf6 22. Nf3 Nxe3 23. Rxe3 Raf8 24. Rf1 Qa6 25. a3 Bf5 26. Ne5 Qb5 27. Rfe1 Bc8 28. f3 a5 29. Ng4 Bxg4 30. hxg4 R6f7 31. Re7 a4 32. Rxf7 Kxf7 33. Qe3 Kg8 34. Qe6+ Kh8 35. Qe7 Kg8 36. Qe6+ Kh8 37. Qd6 Rg8 38. Qb4 Qa6 39. Re7 b6 40. Qc3 Qb5 41. Rc7 c5 42. dxc5 bxc5 43. Rxc5 Qb6 44. Qb4 Qa7 45. Kh1 Qd7 46. Qd4 Rd8 47. Ra5 Qe7 48. Ra7 Qe1+ 49. Kh2 Qh4+ 50. Kg1 Qe1+ 51. Kh2 Qh4+ 52. Kg1 Qe1+ 53. Kh2 1/2-1/2


[Site "https://www.chess.com"]

[Event "Titled Tuesday Blitz July 4 Early 2023"]
[White "Slavin, Alexey"]
[Black "Goryachkina, Aleksandra"]
[WhiteFideId "24104388"]
[BlackFideId "4147103"]
[WhiteElo "2397"]
[BlackElo "2687"]
[Result "0-1"]
[Round "2"]
[TimeControl "180+2"]
[Date "2023.07.04"]
[WhiteClock "0:00:52"]
[BlackClock "0:01:07"]
[Board "89"]

1. e4 c5 2. g3 Nc6 3. Bg2 e6 4. Ne2 g6 5. O-O Bg7 6. Nbc3 Nge7 7. a3 O-O 8. Rb1 b6 9. b4 Bb7 10. bxc5 Ba6 11. cxb6 axb6 12. d3 Qc7 13. Nb5 Bxb5 14. Rxb5 Rfc8 15. c4 Nd4 16. Nxd4 Bxd4 17. Kh1 Nc6 18. f4 Bg7 19. e5 Ra6 20. Be3 d6 21. exd6 Qxd6 22. Rxb6 Rxa3 23. Rxc6 Rxc6 24. Bxc6 Qxc6+ 25. Kg1 Qd7 26. c5 Rxd3 27. Qe2 Rxe3 28. Qxe3 Bd4 0-1


[Site "https://www.chess.com"]

[Event "Titled Tuesday Blitz July 4 Early 2023"]
[White "Quintiliano Pinto, Renato R."]
[Black "San Thit Lwin"]
[WhiteFideId "2117568"]
[BlackFideId "13001272"]
[WhiteElo "2686"]
[BlackElo "2383"]
[Result "1-0"]
[Round "2"]
[TimeControl "180+2"]
[Date "2023.07.04"]
[WhiteClock "0:00:14"]
[BlackClock "0:01:17"]
[Board "90"]

1. e4 Nf6 2. e5 Nd5 3. d4 d6 4. c4 Nb6 5. exd6 cxd6 6. Nc3 g6 7. Be3 Bg7 8. Rc1 O-O 9. b3 e5 10. dxe5 dxe5 11. Qxd8 Rxd8 12. c5 N6d7 13. Bc4 Nc6 14. Nf3 h6 15. O-O Nf8 16. Ne4 Be6 17. Nd6 Bxc4 18. Rxc4 Rd7 19. b4 Rad8 20. b5 Ne7 21. g4 f5 22. gxf5 gxf5 23. Nh4 f4 24. Bc1 Ne6 25. Bb2 Nxc5 26. Rxc5 Rxd6 27. Bxe5 Rd5 28. Rxd5 Rxd5 29. Bxf4 Rxb5 30. Re1 Nd5 31. Bg3 Rb2 32. Nf5 Bf8 33. Rd1 Nc3 34. Rd7 Nxa2 35. Be5 Rb5 36. f4 Nb4 37. Nd4 Nc6 38. Nxb5 a6 39. Nd6 b5 40. Rc7 Ne7 41. Ne4 Nd5 42. Nf6+ Nxf6 43. Bxf6 a5 44. Kg2 a4 45. Be7 Bxe7 46. Rxe7 b4 47. Rb7 b3 48. Rb4 Kf7 49. Rxa4 b2 50. Rb4 Ke6 51. Rxb2 Kf5 52. Kf3 Ke6 53. Rb5 Kf6 54. Kg4 Kf7 55. Rb6 Ke7 56. Kh5 Kd7 57. Kxh6 Kc7 58. Re6 Kd7 59. f5 Kd8 60. Kg6 Kd7 61. h4 Kd8 62. h5 Kd7 63. h6 Kd8 64. h7 Kd7 65. h8=Q Kc7 66. Qg7+ Kc8 67. Re8# 1-0


[Site "https://www.chess.com"]

[Event "Titled Tuesday Blitz July 4 Early 2023"]
[White "Bauman_Guy"]
[Black "Koridze, Lile"]
[BlackFideId "13612514"]
[WhiteElo "2683"]
[BlackElo "2378"]
[Result "1-0"]
[Round "2"]
[TimeControl "180+2"]
[Date "2023.07.04"]
[WhiteClock "0:02:19"]
[BlackClock "0:02:39"]
[Board "91"]

1. e4 c5 2. Nf3 d6 3. d4 cxd4 4. Nxd4 Nf6 5. Nc3 a6 6. h3 e5 7. Nde2 h5 8. Bg5 Be7 9. Ng3 Be6 10. Bxf6 Bxf6 11. Nxh5 Nc6 12. Nd5 Bxd5 13. Nxf6+ Qxf6 14. Qxd5 Nb4 15. Qb3 Qe7 16. Qxb4 1-0


[Site "https://www.chess.com"]

[Event "Titled Tuesday Blitz July 4 Early 2023"]
[White "Petrosian, Karlen"]
[Black "Fernandez Siles, Luis"]
[WhiteFideId "4176146"]
[BlackFideId "2209420"]
[WhiteElo "2682"]
[BlackElo "2372"]
[Result "1-0"]
[Round "2"]
[TimeControl "180+2"]
[Date "2023.07.04"]
[WhiteClock "0:00:47"]
[BlackClock "0:00:18"]
[Board "92"]

1. e4 c5 2. c3 Nf6 3. e5 Nd5 4. Nf3 Nc6 5. d4 cxd4 6. cxd4 d6 7. Bc4 Nb6 8. Bb5 dxe5 9. Nxe5 Bd7 10. Nxd7 Qxd7 11. Nc3 e6 12. O-O Be7 13. Be3 O-O 14. Qg4 Kh8 15. Rfd1 Nd5 16. Nxd5 Qxd5 17. Bd3 f5 18. Qe2 Bf6 19. Bc4 Qe4 20. f3 Qh4 21. Bf2 Qf4 22. g3 Qh6 23. Bxe6 Rae8 24. d5 Ne5 25. Bd4 Ng6 26. Bxf6 Rxf6 27. Qb5 Ref8 28. Re1 f4 29. g4 Qh3 30. Qf1 Qh6 31. Rac1 Nh4 32. Rc7 Qg5 33. Kh1 Rh6 34. Rc8 Rxc8 35. Bxc8 Qd8 36. Qe2 Ng6 37. Qe8+ 1-0


[Site "https://www.chess.com"]

[Event "Titled Tuesday Blitz July 4 Early 2023"]
[White "Fromm, Marius"]
[Black "Glavina, Pablo"]
[WhiteFideId "12993190"]
[BlackFideId "100234"]
[WhiteElo "2678"]
[BlackElo "2363"]
[Result "1-0"]
[Round "2"]
[TimeControl "180+2"]
[Date "2023.07.04"]
[WhiteClock "0:00:32"]
[BlackClock "0:00:00"]
[Board "93"]

1. e4 c6 2. d4 d5 3. exd5 cxd5 4. Bd3 Nc6 5. c3 Qc7 6. h3 g6 7. Nf3 Bf5 8. Be2 Nf6 9. O-O Bg7 10. Re1 O-O 11. Be3 h6 12. Nbd2 g5 13. Bf1 e6 14. Rc1 Rac8 15. b4 Bg6 16. a4 Nd7 17. Nb3 e5 18. b5 Na5 19. dxe5 Nxe5 20. Nxe5 Bxe5 21. Nxa5 Qxa5 22. Bd4 Bf4 23. Ra1 Rfe8 24. g3 Rxe1 25. Qxe1 Bd6 26. Bg2 Rd8 27. Bxd5 a6 28. c4 Qc7 29. Bb2 Kh7 30. Qc3 Rg8 31. Re1 Qd7 32. Kg2 Bf5 33. g4 Bg6 34. Qf6 Bc5 35. bxa6 bxa6 36. Qxa6 h5 37. Qc6 Ba7 38. Qxd7 1-0


[Site "https://www.chess.com"]

[Event "Titled Tuesday Blitz July 4 Early 2023"]
[White "Stoleriu, George"]
[Black "Rudzinska, Michalina"]
[WhiteFideId "1227505"]
[BlackFideId "1172883"]
[WhiteElo "2674"]
[BlackElo "2356"]
[Result "1-0"]
[Round "2"]
[TimeControl "180+2"]
[Date "2023.07.04"]
[WhiteClock "0:00:55"]
[BlackClock "0:00:00"]
[Board "94"]

1. e4 c5 2. Nc3 e6 3. f4 Nc6 4. Nf3 g6 5. Bb5 d6 6. Bxc6+ bxc6 7. d3 Bg7 8. O-O Rb8 9. Qe1 Ne7 10. b3 O-O 11. Bd2 f5 12. Qh4 d5 13. e5 d4 14. Na4 Rb5 15. Bc1 Nd5 16. Qxd8 Rxd8 17. g3 h6 18. Ba3 Nb4 19. Rf2 Bf8 20. h3 Ra5 21. Bc1 Ba6 22. a3 Nd5 23. Bd2 Rb5 24. Kh2 Rb7 25. g4 fxg4 26. hxg4 Be7 27. Kg3 Rf8 28. Rh1 Kg7 29. Rfh2 Rh8 30. Ng5 Bxg5 31. fxg5 Rf7 32. Rxh6 Rxh6 33. gxh6+ Kh7 34. Nxc5 Bc8 35. Ne4 Rf8 36. Bg5 Ne3 37. Bf6 1-0


[Site "https://www.chess.com"]

[Event "Titled Tuesday Blitz July 4 Early 2023"]
[White "Kovacsy, Barnabas"]
[Black "Radzhabov, Rodion"]
[WhiteFideId "769290"]
[BlackFideId "884715"]
[WhiteElo "2356"]
[BlackElo "2672"]
[Result "0-1"]
[Round "2"]
[TimeControl "180+2"]
[Date "2023.07.04"]
[WhiteClock "0:00:08"]
[BlackClock "0:00:08"]
[Board "95"]

1. e4 c5 2. Nf3 e6 3. d4 cxd4 4. Nxd4 Nc6 5. Nc3 Qc7 6. Be3 a6 7. Be2 Nf6 8. O-O Bb4 9. Na4 Be7 10. Nxc6 bxc6 11. Nb6 Rb8 12. Nxc8 Qxc8 13. Bd4 Qc7 14. b3 e5 15. Bb2 Nxe4 16. Bxa6 Nc5 17. Bd3 d5 18. Qg4 Nxd3 19. cxd3 O-O 20. Rae1 Bd6 21. Qf5 Rbe8 22. Kh1 g6 23. Qg5 f6 24. Qh4 Qa5 25. f4 Qxa2 26. Ba1 Qxb3 27. Rf3 Qb4 28. Qf2 e4 29. dxe4 dxe4 30. Bc3 Qc5 31. Rfe3 Qf5 32. g3 Bc5 33. Qa2+ Qd5 34. Qxd5+ cxd5 35. R3e2 d4 36. Bd2 e3 37. Bc1 d3 38. Rxe3 Bxe3 39. Rxe3 Rxe3 40. Bxe3 Re8 41. Bd2 Re2 42. Bb4 d2 43. Bxd2 Rxd2 44. f5 gxf5 45. Kg1 Kg7 46. Kh1 Kg6 0-1


[Site "https://www.chess.com"]

[Event "Titled Tuesday Blitz July 4 Early 2023"]
[White "Velikanov, Alexander"]
[Black "Todorovic, Bojan"]
[WhiteFideId "2039290"]
[BlackFideId "917087"]
[WhiteElo "2669"]
[BlackElo "2352"]
[Result "1-0"]
[Round "2"]
[TimeControl "180+2"]
[Date "2023.07.04"]
[WhiteClock "0:00:18"]
[BlackClock "0:00:09"]
[Board "96"]

1. e4 g6 2. d4 Bg7 3. Nc3 d6 4. Bg5 a6 5. Qd2 b5 6. a4 b4 7. Nd5 Nc6 8. c3 h6 9. Bh4 Rb8 10. Bd3 g5 11. Bg3 e6 12. Ne3 Nge7 13. Ne2 Ng6 14. O-O h5 15. h3 Bh6 16. Qc2 Nf4 17. Bc4 Qf6 18. a5 Bb7 19. Qd2 Ne7 20. d5 bxc3 21. Nxc3 Neg6 22. dxe6 fxe6 23. b4 Ne5 24. Be2 O-O 25. Qd1 Kh8 26. Bxh5 Nxh5 27. Qxh5 Qg6 28. Bxe5+ Kh7 29. Qxg6+ Kxg6 30. Bg3 Bc6 31. Rab1 Bg7 32. Rfc1 Bd7 33. Ne2 Rb7 34. f4 Rfb8 35. f5+ Kh5 36. Be1 Bb5 37. g4+ Kh6 38. Kf2 Be5 39. Kf3 Rf8 40. Bc3 exf5 41. Nxf5+ Kg6 42. Bxe5 dxe5 43. Nc3 c6 44. Nxb5 cxb5 45. Rc6+ Rf6 46. Rbc1 Rd7 47. Rxf6+ Kxf6 48. Rc6+ Kf7 49. Rd6 Rc7 50. Rxa6 Rc3+ 51. Kg2 Rc2+ 52. Kf3 Rc3+ 53. Ke2 Rxh3 54. Rb6 Rh2+ 55. Kf3 1-0


[Site "https://www.chess.com"]

[Event "Titled Tuesday Blitz July 4 Early 2023"]
[White "MAHanif"]
[Black "Czopor, Maciej"]
[BlackFideId "21805431"]
[WhiteElo "2349"]
[BlackElo "2669"]
[Result "0-1"]
[Round "2"]
[TimeControl "180+2"]
[Date "2023.07.04"]
[WhiteClock "0:00:00"]
[BlackClock "0:00:02"]
[Board "97"]

1. d4 Nf6 2. Nf3 b6 3. g3 Bb7 4. Bg2 e6 5. O-O Be7 6. Nbd2 O-O 7. c3 c5 8. Nb3 Nc6 9. Be3 d6 10. Bg5 h6 11. Bf4 Re8 12. Re1 Bf8 13. e4 Rc8 14. Bxd6 Bxd6 15. e5 Be7 16. exf6 gxf6 17. dxc5 bxc5 18. Qc1 Bf8 19. Qe3 Na5 20. Rad1 Qb6 21. Nxa5 Qxa5 22. a3 f5 23. Ne5 Bxg2 24. Kxg2 Bg7 25. Rd7 Qa4 26. Red1 Rc7 27. Rxc7 Qxd1 28. Nxf7 Qd5+ 29. Qf3 Rf8 30. Qxd5 exd5 31. Nd6 Be5 32. Rd7 d4 33. cxd4 Bxd4 34. b4 cxb4 35. axb4 f4 36. Nb5 f3+ 37. Kf1 Rc8 38. Ke1 Bb6 39. Rd3 Re8+ 40. Kd1 Bxf2 41. Rxf3 Bb6 42. Nc3 Kg7 43. Kc2 Re1 44. Rd3 Rh1 45. Rd2 Be3 46. Re2 Bb6 47. Nd5 Bd4 48. Nf4 Kf6 49. Ne6 Be5 50. Nc5 Bd4 51. Ne4+ Kf5 52. Nd2 Kg4 53. Nb3 Bb6 54. Nc5 Kf3 55. Rd2 a5 56. Nd3 Be3 0-1


[Site "https://www.chess.com"]

[Event "Titled Tuesday Blitz July 4 Early 2023"]
[White "Rian, Kapriaga"]
[Black "Fakhrutdinov, Timur"]
[WhiteFideId "7103263"]
[BlackFideId "24176702"]
[WhiteElo "2348"]
[BlackElo "2669"]
[Result "1/2-1/2"]
[Round "2"]
[TimeControl "180+2"]
[Date "2023.07.04"]
[WhiteClock "0:01:11"]
[BlackClock "0:00:31"]
[Board "98"]

1. d4 Nf6 2. Nf3 e6 3. e3 c5 4. Bd3 b6 5. O-O Bb7 6. c4 cxd4 7. Nxd4 d5 8. Nc3 Nbd7 9. cxd5 Nxd5 10. Nxd5 Bxd5 11. b3 Be7 12. Bb2 O-O 13. Rc1 Nc5 14. Bb1 Rc8 15. Qg4 g6 16. Rfd1 Qe8 17. h4 f5 18. Qg3 Rd8 19. h5 Bd6 20. Qg5 Be7 21. Qg3 Bf6 22. Ba3 Be7 23. Bb2 1/2-1/2


[Site "https://www.chess.com"]

[Event "Titled Tuesday Blitz July 4 Early 2023"]
[White "Hilary46"]
[Black "Rosh Jain"]
[BlackFideId "25789465"]
[WhiteElo "2667"]
[BlackElo "2339"]
[Result "0-1"]
[Round "2"]
[TimeControl "180+2"]
[Date "2023.07.04"]
[WhiteClock "0:00:04"]
[BlackClock "0:00:07"]
[Board "99"]

1. e4 c5 2. Nf3 d6 3. d4 cxd4 4. Nxd4 Nf6 5. Nc3 a6 6. Bg5 e6 7. f4 Be7 8. Qf3 Qc7 9. O-O-O Nbd7 10. Bd3 b5 11. Rhe1 Bb7 12. Qg3 b4 13. Nd5 exd5 14. exd5 Kd8 15. Nc6+ Bxc6 16. dxc6 Qxc6 17. Bxf6 Nxf6 18. Qxg7 Re8 19. Qxf7 Ra7 20. Rxe7 Raxe7 21. Qxf6 Qc5 22. Qg5 Qxg5 23. fxg5 Kc7 24. Bxa6 Re5 25. h4 Re4 26. g3 Rg4 27. Bd3 Re7 28. Rg1 d5 29. Kd2 Kd6 30. Be2 Rd4+ 31. Bd3 Rg4 32. c3 bxc3+ 33. bxc3 Ra4 34. Bb1 d4 35. h5 dxc3+ 36. Kxc3 Rc7+ 37. Kb2 Rb4+ 38. Ka1 Ke6 39. g6 hxg6 40. Bxg6 Kf6 41. g4 Kg5 42. Bf5 Rc6 43. Rb1 Ra4 44. Rb8 Rca6 45. Rg8+ Kh4 46. Bb1 Rxg4 47. Rxg4+ Kxg4 48. Bg6 Kg5 49. Kb2 Rb6+ 50. Kc3 Ra6 51. Kb3 Rb6+ 52. Kc3 Ra6 53. Bf7 Ra7 54. Bd5 Kxh5 55. Kd4 Kg5 56. Kc5 Kf5 57. Kb6 Ra3 58. Bb3 Ke5 59. Kc5 Ra5+ 60. Kb4 Ra8 61. Kc4 Ke4 62. Kc5 Ra3 63. Kb4 Ra7 64. Kc5 Kd3 65. Bd5 Ra5+ 66. Kd6 Kd4 67. Bb3 Ra6+ 68. Kc7 Kc5 69. Kd7 Rh6 70. Ke7 Rh7+ 71. Kf6 Kd6 72. Kg6 Re7 73. Kf5 Re5+ 74. Kf4 Re1 75. Kf3 Ke5 76. Bc4 Rc1 77. Bb3 Rc3+ 78. Ke2 Ke4 79. Kd2 Rh3 80. Bc2+ Kd4 81. Bd1 Rh2+ 82. Be2 Rg2 83. a4 Rg5 84. Bb5 Rg3 85. Be2 Ra3 86. Bb5 Ra2+ 87. Ke1 Kc3 88. Kf1 Rb2 89. Ke1 Ra2 90. Kf1 Kd4 91. Ke1 Ke3 92. Kd1 Rh2 93. Kc1 Rd2 94. Kb1 Kd4 95. a5 Kc3 96. Kc1 Rb2 97. Ba6 Rc2+ 98. Kd1 Ra2 99. Bb5 Rxa5 100. Be8 Re5 101. Bg6 Kd4 102. Kd2 Rg5 103. Bh7 Rg2+ 104. Kc1 Kc3 105. Kd1 Rd2+ 106. Ke1 Ra2 107. Bg6 Kd4 108. Kd1 Ke3 109. Kc1 Rd2 110. Bf7 Kd3 111. Bg6+ Kc3 112. Kb1 Rd1+ 113. Ka2 Rc1 114. Bh7 Rh1 115. Bg6 Rh6 116. Bf7 Kc2 117. Ka3 Rb6 118. Ka4 Rb7 119. Bd5 Ra7+ 120. Kb5 Kc3 121. Kc5 Ra5+ 122. Kd6 Kd4 123. Bg2 Ra6+ 124. Kd7 Kc5 125. Ke7 Rd6 126. Bf3 Rd3 127. Bg2 Re3+ 128. Kf6 Kd6 129. Kf5 Re8 130. Kf4 Kc5 131. Kf5 Kd4 132. Kf6 Rf8+ 133. Ke7 Rg8 134. Bh1 Ke5 135. Kf7 Rh8 136. Bg2 Kf5 137. Ke7 Rh7+ 138. Kd6 Rh6+ 139. Kd5 Ra6 140. Be4+ Kf4 141. Bd3 Ra5+ 142. Kd6 Ke3 143. Bc2 Kd4 144. Kc6 Rc5+ 145. Kd6 Rxc2 0-1


[Site "https://www.chess.com"]